 Dungeon Crawl Stone Soup version 0.31-a0-1-g4198be8af4 (webtiles) character file.

Game seed: 376980495519205046

1243 GloriousHammer the Magician (level 8, -1/43 HPs)
             Began as a Deep Elf Fire Elementalist on May 2, 2023.
             Killed from afar by an acid dragon (19 damage)
             ... with a splash of acid
             ... on level 6 of the Dungeon.
             The game lasted 00:16:04 (6617 turns).

GloriousHammer the Magician (DEFE)                  Turns: 6617, Time: 00:16:05

Health: -1/43      AC:  6    Str:  5    XL:     8   Next: 25%
Magic:  17/21      EV: 13    Int: 23    God:
Gold:   250        SH:  5    Dex: 17    Spells: 12/22 levels left

rFire   + . .        k - +0 mace "Owotsu" {freeze, rF+ rC+ Dex+2 SInv}
rCold   + + .        (no shield)
rNeg    . . .        a - +0 robe
rPois   .            (no helmet)
rElec   .            (no cloak)
rCorr   .            (no gloves)
SInv    +            (no boots)
Will    .....        w - amulet of reflection
Stlth   +++          C - ring of protection from cold
HPRegen 0.27/turn    T - +4 ring of protection
MPRegen 0.17/turn

%: reflection
@: no status effects
A: no striking features
a: no special abilities


You were on level 6 of the Dungeon.
You visited 1 branch of the dungeon, and saw 6 of its levels.

You collected 250 gold pieces.

Inventory:

Hand Weapons
 d - a +0 dagger
 k - the +0 mace "Owotsu" (weapon) {freeze, rF+ rC+ Dex+2 SInv}
   (You found it on level 2 of the Dungeon)

   Dex:       It affects your dexterity (+2).
   rF:        It protects you from fire.
   rC:        It protects you from cold.
   SInv:      It lets you see invisible.
 s - a +0 sling
 t - the +7 Throatcutter {drain, coup de grace}
   (You found it on level 4 of the Dungeon)
Missiles
 u - 25 poisoned darts
Armour
 a - a +0 robe (worn)
Magical Staves
 q - a staff of poison
Jewellery
 w - an amulet of reflection (around neck)
 C - a ring of protection from cold (left hand)
 D - a +6 ring of dexterity
 T - a +4 ring of protection (right hand)
Wands
 m - a wand of light (8)
 v - a wand of roots (7)
 y - a wand of flame (20)
Scrolls
 c - a scroll of acquirement {unknown}
 e - 4 scrolls of teleportation
 g - a scroll of enchant armour {unknown}
 h - 2 scrolls of enchant weapon {unknown}
 i - a scroll of vulnerability {unknown}
 j - a scroll of silence {unknown}
 p - 2 scrolls of brand weapon {unknown}
 r - a scroll of blinking {unknown}
Potions
 b - a potion of magic
 f - 3 potions of ambrosia
 n - a potion of degeneration {unknown}
 o - 2 potions of mutation
 x - a potion of might {unknown}
 z - 2 potions of attraction {unknown}
 A - a potion of haste {unknown}


   Skills:
 + Level 1.4 Fighting
 + Level 3.3 Dodging
 + Level 3.5 Stealth
 + Level 7.5 Spellcasting
 + Level 5.3 Conjurations
 - Level 2.2 Translocations
 + Level 6.7 Fire Magic


You had 12 spell levels left.
You knew the following spells:

 Your Spells              Type           Power      Damage    Failure   Level
a - Foxfire               Conj/Fire      100%       2x1d9     1%          1
b - Scorch                Fire           78%        2d8       1%          2
c - Volatile Blastmotes   Fire/Tloc      58%        2d14      3%          3
d - Flame Wave            Conj/Fire      36%        2d10      6%          4

Your spell library contained the following spells:

 Spells                   Type           Power      Damage    Failure   Level
 Lesser Beckoning         Tloc           36%        N/A       4%          2
 Inner Flame              Hex/Fire       24%        N/A       5%          3
 Gell's Gravitas          Tloc           18%        N/A       9%          3
 Teleport Other           Tloc           18%        N/A       9%          3
 Alistair's Intoxication  Tmut/Pois      5%         N/A       90%         5
 Borgnjor's Vile Clutch   Necr/Erth      4%         N/A       90%         5
 Eringya's Noxious Bog    Tmut/Pois      4%         N/A       100%        6


Dungeon Overview and Level Annotations

Branches:
Dungeon (6/15)
 Temple: D:4-7

Altars:
Okawaru
Ru
Trog
Xom

Shops:
D:4 (

Annotations:
D:5 exclusion: downstairs


Message History

You conjure some foxfire!
Prince Ribbit lets out a mournful croak.
Your foxfire dissipates!
The foxfire hits Prince Ribbit!
Prince Ribbit is moderately wounded.
Casting: Foxfire (safe; 1% risk of failure)
Confirm with . or Enter, or press ? or * to list all spells.
Flames lash the scorpion.
The scorpion is lightly wounded.
The scorpion's fire resistance burns away.
Casting: Scorch (safe; 1% risk of failure)
Confirm with . or Enter, or press ? or * to list all spells.
Flames lash Prince Ribbit.
Prince Ribbit is severely wounded.
Prince Ribbit's fire resistance burns away.
Casting: Scorch (safe; 1% risk of failure)
Confirm with . or Enter, or press ? or * to list all spells.
A cloud of volatile blastmotes flares up around you!
Prince Ribbit hits you! Prince Ribbit barely misses you.
Prince Ribbit attacks as you move away! You block Prince Ribbit's attack.
The scorpion is no longer more vulnerable to fire.
The cloud of blastmotes explodes!
The concussive blast engulfs Prince Ribbit!
Prince Ribbit is burned terribly!
You kill Prince Ribbit!
The concussive blast engulfs you! You resist.
You are knocked back by the blast.
Your Fighting skill increases to level 1!
Your Dodging skill increases to level 3!
Your Stealth skill increases to level 3!
You have reached level 8!
You feel clever.
Unknown command.
Casting: Volatile Blastmotes (dangerous; 3% risk of failure)
Confirm with . or Enter, or press ? or * to list all spells.
A cloud of volatile blastmotes flares up around you!
The scorpion stings you.
You are poisoned.
The scorpion poisons you!
You feel very sick.
The cloud of blastmotes explodes!
The concussive blast engulfs the scorpion!
You kill the scorpion!
The concussive blast engulfs you. You resist.
You are knocked back by the blast.
You feel sick.
You feel sick.
You feel sick.
Items here: )) [ †.
You feel sick.
You feel sick.
You feel sick.
There is an open door here.
You feel sick.
You are no longer poisoned.
There is a stone staircase leading up here.
Okay, then.
You climb upwards.
Level annotation: exclusion: downstairs
There is a stone staircase leading down here.
You start resting.
Magic restored.
You start resting.
HP restored.
You start waiting.
Done waiting.
You climb downwards.
There is a stone staircase leading up here.
Something unseen opens the door.
You sense a monster nearby.
A hound comes into view.
A kobold zombie comes into view.
The kobold zombie moves out of view.
Casting: Volatile Blastmotes (dangerous; 3% risk of failure)
Confirm with . or Enter, or press ? or * to list all spells.
You can't see any susceptible monsters within range! (Use Z to cast anyway.)
Casting: Volatile Blastmotes (dangerous; 3% risk of failure)
Confirm with . or Enter, or press ? or * to list all spells.
Flames lash the hound.
The hound is heavily wounded.
The hound's fire resistance burns away.
Casting: Scorch (safe; 1% risk of failure)
Confirm with . or Enter, or press ? or * to list all spells.
You conjure some foxfire!
The hound bites you but does no damage.
The foxfire hits the hound!
The hound is burned terribly!
You kill the hound!
An acid dragon comes into view.
The foxfire hits the acid dragon!
The acid dragon is moderately wounded.
A phantom comes into view.
Casting: Foxfire (safe; 1% risk of failure)
Confirm with . or Enter, or press ? or * to list all spells.
A cloud of volatile blastmotes flares up around you!
The acid dragon spits acid at you. The splash of acid hits you!!
Ouch! That really hurt!
The acid dragon spits acid at you. The splash of acid hits you!!
You die...

#.....# ........# #....##
#.......# #....## #.......#
#....#. #.......# #....#.
#.......######...##
#.......#...##...##
#.......'...#....##
############.@W..<.#...#......
............§###'###...#......
.............#....###'###...##
.............#....##...##.).##
.............#....[.........#.
.............#..............#.
.......D.....#............(.#.
.............#....###..##..###
##....Z.######....###..##..###


You could see an acid dragon (catching breath) and a phantom.

Vanquished Creatures
  Prince Ribbit (D:6)
  Eustachio (D:4)
  A black bear (D:4)
  A sky beast (D:6)
  2 ogres
  A kobold brigand (D:4)
  A scorpion (D:6)
  A howler monkey (D:5)
  An orc priest (D:6)
  2 hounds
  2 iguanas (D:5)
  2 orc wizards (D:6)
  3 gnolls (D:4)
  9 adders
  A shadow imp (D:6)
  A white imp (D:6)
  2 ufetubi
  2 worms (D:2)
  4 dart slugs
  6 orcs
  4 bats
  3 endoplasms
  4 giant cockroaches
  10 goblins
  4 hobgoblins
  4 jackals (D:3)
  16 kobolds
  2 quokkas
  5 ball pythons
  5 frilled lizards
  5 rats
  A butterfly (D:5)
107 creatures vanquished.

Vanquished Creatures (others)
  164 foxfires
164 creatures vanquished.

Grand Total: 271 creatures vanquished

Notes
Turn   | Place    | Note
-------+----------+-------------------------------------------
     0 | D:1      | GloriousHammer the Deep Elf Fire Elementalist began the
                  | quest for the Orb.
     0 | D:1      | Reached XP level 1. HP: 10/10 MP: 6/6
   125 | D:1      | Found a faded altar of an unknown god.
   142 | D:1      | Reached XP level 2. HP: 15/15 MP: 5/8
   491 | D:1      | Learned a level 2 spell: Scorch
   710 | D:2      | Reached XP level 3. HP: 19/19 MP: 6/10
   858 | D:2      | Identified the +0 mace "Owotsu" {freeze, rF+ rC+ Dex+2
                  | SInv}
  1041 | D:2      | Reached skill level 4 in Spellcasting
  1187 | D:2      | Found an iron altar of Okawaru.
  1489 | D:2      | Reached XP level 4. HP: 24/24 MP: 4/12
  1712 | D:2      | Learned a level 3 spell: Volatile Blastmotes
  1717 | D:2      | Learned a level 4 spell: Flame Wave
  2024 | D:3      | Identified the +4 long sword "Nerph" {freeze, *Rage rF+
                  | Int+3}
  2353 | D:3      | Reached skill level 1 in Translocations
  2945 | D:4      | Found a sacrificial altar of Ru.
  3009 | D:4      | Reached XP level 5. HP: 12/28 MP: 7/14
  3044 | D:4      | Reached skill level 5 in Spellcasting
  3442 | D:4      | Found the +7 Throatcutter {drain, coup de grace}
  3697 | D:4      | Noticed a black bear
  3708 | D:4      | Killed a black bear
  3709 | D:4      | Reached skill level 5 in Fire Magic
  3709 | D:4      | Reached XP level 6. HP: 28/32 MP: 10/16
  3805 | D:4      | Noticed Eustachio
  3855 | D:4      | Found a bloodstained altar of Trog.
  3939 | D:4      | Found Riycioh's Weapon Emporium.
  4238 | D:5      | Entered Level 5 of the Dungeon
  4550 | D:5      | Reached skill level 6 in Spellcasting
  4627 | D:5      | Found a shimmering altar of Xom.
  4635 | D:5      | Reached XP level 7. HP: 34/36 MP: 14/18
  5310 | D:4      | Killed Eustachio
  5758 | D:6      | Reached skill level 7 in Spellcasting
  5993 | D:6      | Reached skill level 5 in Conjurations
  6332 | D:6      | Noticed Prince Ribbit
  6339 | D:6      | Killed Prince Ribbit
  6340 | D:6      | Reached skill level 1 in Fighting
  6340 | D:6      | Reached XP level 8. HP: 19/43 MP: 13/21
  6617 | D:6      | Killed from afar by an acid dragon

Illustrated notes

Levels and vault maps discovered:
D:1:      dpeg_arrival_windows_large_door, layout_rooms,
          hellmonk_ecumenical_altar_arch_garden
D:2:      layout_loops_ring, basic_altar
D:3:      layout_loops_ring
D:4:      layout_loops_cross, lemuel_crystal_altar, nicolae_ru_awakened_eye,
          nicolae_inconvenience_store, dilly_guarded_unrand_throatcut,
          uniq_eustachio
D:5:      layout_cave_pools, xom_butterflies, serial_glass, glass_columns_a,
          glass_columns_a, bh_walls_and_bars
D:6:      layout_gridville, minmay_temple_entry_arrows, minmay_mini_ossuary,
          uniq_prince_ribbit1

Skill      XL: |  1  2  3  4  5  6  7 |
---------------+----------------------+-----
Fire Magic     | 4 5 6 |  6.7
Spellcasting   | 4 5 6 7 |  7.5
Conjurations   | 2 3 4 5 |  5.3
Translocations | 1 2 |  2.2
Fighting       | 1 |  1.4
Dodging        | 3 |  3.3
Stealth        | 3 |  3.5

Action                     |  1- 3 |  4- 6 |  7- 9 || total
---------------------------+-------+-------+-------++-------
  Melee: Dagger            |     1 |       |       ||     1
         Mace              |     4 |    23 |     3 ||    30
         Punch             |       |     1 |       ||     1
   Cast: Foxfire           |    40 |    59 |    22 ||   121
         Scorch            |    18 |    36 |    22 ||    76
         Volatile Blastmot |       |       |     5 ||     5
         Flame Wave        |       |       |     1 ||     1
  Evoke: Wand              |       |     1 |       ||     1
    Use: Scroll            |       |       |     4 ||     4
 Armour: Robe              |     8 |    18 |     1 ||    27
  Dodge: Dodged            |     5 |    39 |     6 ||    50
  Block: Other             |       |       |     3 ||     3

Table legend: (Time is in decaauts)
 A = Elapsed time spent in this place.
 B = Non-inter-level travel time spent in this place.
 C = Inter-level travel time spent in this place.
 D = Time resting spent in this place.
 E = Time spent auto-exploring this place.
 F = Levels seen in this place.
 G = Mean time per level.
                   A        B        C        D        E       F      G
               +--------+--------+--------+--------+--------+-----+--------+
         Total |   6628 |   6266 |    362 |   2254 |   2873 |   6 | 1104.7 |
       Dungeon |   6628 |   6266 |    362 |   2254 |   2873 |   6 | 1104.7 |
               +--------+--------+--------+--------+--------+-----+--------+

Top non-repeatable levels by time:
     D:4: 2394 daAuts
     D:5: 1141 daAuts
     D:2: 1093 daAuts
     D:3: 900 daAuts
     D:1: 632 daAuts
     D:6: 465 daAuts
